2395 views
Uploaded 2021-08-20 16:26:08
Game version 1.32.10
39:54 long 1on1 ladder game on (2)BrightwaterOasis
Saved by xzz
2395 views
Uploaded 2021-08-20 16:26:08
Game version 1.32.10
39:54 long 1on1 ladder game on (2)BrightwaterOasis

27 units @ 3.4k
/ 0.6k
79 buildings @ 9.9k
/ 6.1k

| Lesser Clarity Potion | 8 | 560 |
| Scroll of Speed | 4 | 200 |
| Healing Salve | 5 | 500 |
| Orb of Lightning | 1 | 375 |
| Potion of Healing | 1 | 150 |
| Potion of Mana | 1 | 200 |
| Boots of Speed | 1 | 250 |
| total: | 21 | 2235g |
| Peon | 12 | 900 | / | 0 |
| Troll Batrider | 12 | 1920 | / | 480 |
| Raider | 3 | 540 | / | 120 |
| total: | 27 | 3360g | / | 600w |
| Watch Tower | 64 | 7040 | / | 5120 |
| Altar of Storms | 1 | 180 | / | 50 |
| Orc Burrow | 5 | 800 | / | 200 |
| Voodoo Lounge | 2 | 260 | / | 60 |
| War Mill | 2 | 410 | / | 0 |
| Barracks | 1 | 180 | / | 50 |
| Great Hall | 2 | 770 | / | 370 |
| Beastiary | 2 | 290 | / | 280 |
| Stronghold | 1 | 315 | / | 190 |
| Fortress | 1 | 325 | / | 190 |
| total: | 79 | 9930g | / | 6130w |
| 0:09 | Altar of Storms |
| 0:11 | Orc Burrow |
| 0:14 | Peon |
| 0:15 | Peon |
| 0:33 | Peon |
| 0:49 | Peon |
| 0:55 | Voodoo Lounge |
| 1:16 | Peon |
| 1:33 | Peon |
| 1:34 | Peon |
| 1:54 | Peon |
| 2:12 | Lesser Clarity Potion |
| 2:13 | Scroll of Speed |
| 2:17 | Stronghold |
| 2:29 | War Mill |
| 2:32 | Wind Walk |
| 3:45 | Watch Tower |
| 3:47 | Watch Tower |
| 4:01 | Watch Tower |
| 4:06 | Healing Salve |
| 4:07 | Lesser Clarity Potion |
| 4:08 | Scroll of Speed |
| 4:21 | Watch Tower |
| 5:18 | Beastiary |
| 5:22 | Peon |
| 5:22 | Peon |
| 5:28 | Orc Burrow |
| 5:39 | Peon |
| 5:55 | Beastiary |
| 6:11 | Peon |
| 6:34 | Troll Batrider |
| 6:41 | Troll Batrider |
| 6:59 | Fortress |
| 7:02 | Troll Batrider |
| 7:11 | Troll Batrider |
| 7:30 | Orc Burrow |
| 7:35 | Steel Ranged Weapons |
| 7:37 | Troll Batrider |
| 7:55 | Watch Tower |
| 8:21 | Lesser Clarity Potion |
| 8:22 | Scroll of Speed |
| 8:23 | Lesser Clarity Potion |
| 8:29 | Troll Batrider |
| 8:36 | Reinforced Defenses |
| 9:01 | Troll Batrider |
| 9:40 | Liquid Fire |
| 9:41 | Troll Batrider |
| 10:16 | Orc Burrow |
| 10:27 | Steel Armor |
| 10:49 | Watch Tower |
| 10:59 | Watch Tower |
| 11:10 | Critical Strike |
| 11:15 | Lesser Clarity Potion |
| 11:48 | Pillage |
| 11:51 | Raider |
| 13:38 | Watch Tower |
| 13:38 | Watch Tower |
| 13:42 | Watch Tower |
| 13:44 | Watch Tower |
| 13:48 | Watch Tower |
| 14:20 | Spiked Barricades |
| 14:22 | Thorium Ranged Weapons |
| 14:23 | Troll Batrider |
| 14:50 | Wind Walk |
| 15:04 | Troll Batrider |
| 15:10 | Orc Burrow |
| 15:41 | Troll Batrider |
| 15:47 | Barracks |
| 15:50 | Thorium Armor |
| 16:39 | Arcanite Armor |
| 16:45 | Lesser Clarity Potion |
| 16:49 | Orb of Lightning |
| 16:51 | Lesser Clarity Potion |
| 17:16 | Troll Regeneration |
| 18:15 | Watch Tower |
| 18:16 | Watch Tower |
| 18:16 | Watch Tower |
| 18:17 | Watch Tower |
| 18:18 | Watch Tower |
| 18:19 | Watch Tower |
| 18:20 | Watch Tower |
| 18:21 | Watch Tower |
| 18:22 | Watch Tower |
| 18:23 | Watch Tower |
| 18:44 | Scroll of Speed |
| 19:05 | Improved Spiked Barricades |
| 19:28 | Critical Strike |
| 19:50 | Great Hall |
| 20:03 | Boots of Speed |
| 20:53 | Watch Tower |
| 20:53 | Watch Tower |
| 20:58 | Watch Tower |
| 21:37 | Voodoo Lounge |
| 21:44 | Watch Tower |
| 21:45 | Watch Tower |
| 22:45 | Ensnare |
| 23:43 | Watch Tower |
| 23:44 | Watch Tower |
| 23:45 | Watch Tower |
| 23:46 | Watch Tower |
| 23:46 | Watch Tower |
| 23:46 | Watch Tower |
| 23:47 | Watch Tower |
| 23:47 | Watch Tower |
| 23:54 | War Mill |
| 24:17 | Watch Tower |
| 24:18 | Watch Tower |
| 24:22 | Watch Tower |
| 26:21 | Wind Walk |
| 26:29 | Great Hall |
| 26:32 | Watch Tower |
| 26:33 | Watch Tower |
| 26:57 | Watch Tower |
| 27:04 | Watch Tower |
| 27:25 | Healing Salve |
| 27:39 | Raider |
| 28:33 | Watch Tower |
| 28:50 | Watch Tower |
| 29:01 | Watch Tower |
| 30:17 | Raider |
| 30:42 | Troll Batrider |
| 30:44 | Arcanite Ranged Weapons |
| 30:55 | Steel Melee Weapons |
| 31:02 | Watch Tower |
| 31:02 | Watch Tower |
| 31:03 | Watch Tower |
| 31:04 | Watch Tower |
| 31:04 | Watch Tower |
| 31:05 | Watch Tower |
| 31:06 | Watch Tower |
| 31:06 | Watch Tower |
| 31:07 | Watch Tower |
| 31:08 | Watch Tower |
| 31:09 | Watch Tower |
| 31:09 | Watch Tower |
| 31:10 | Watch Tower |
| 31:11 | Watch Tower |
| 31:14 | Watch Tower |
| 31:16 | Watch Tower |
| 31:19 | Watch Tower |
| 31:19 | Watch Tower |
| 31:20 | Watch Tower |
| 31:28 | Healing Salve |
| 33:18 | Healing Salve |
| 35:26 | Thorium Melee Weapons |
| 35:29 | Healing Salve |
| 35:32 | Lesser Clarity Potion |
| 35:49 | Potion of Healing |
| 35:51 | Potion of Mana |
| 37:41 | Arcanite Melee Weapons |
| Right click | 1125 |
| Select | 459 |
| Build/train/purchase | 146 |
| Select group | 126 |
| Use ability | 24 |
| Assign group | 17 |
| Misc. action | 15 |
| Item give/drop | 14 |
| Esc | 4 |
| Remove unit | 1 |
22 units @ 2.8k
/ 0.2k
27 buildings @ 2.5k
/ 1.1k


| Scroll of Regeneration | 2 | 200 |
| Ivory Tower | 2 | 80 |
| total: | 4 | 280g |
| Peasant | 10 | 750 | / | 0 |
| Footman | 3 | 405 | / | 0 |
| Rifleman | 6 | 1230 | / | 180 |
| Sorceress | 1 | 155 | / | 20 |
| Priest | 2 | 270 | / | 20 |
| total: | 22 | 2810g | / | 220w |
| Scout Tower | 10 | 300 | / | 200 |
| Arcane Tower | 2 | 140 | / | 100 |
| Guard Tower | 7 | 490 | / | 350 |
| Altar of Kings | 1 | 180 | / | 50 |
| Barracks | 1 | 160 | / | 60 |
| Farm | 8 | 640 | / | 160 |
| Blacksmith | 1 | 140 | / | 60 |
| Arcane Vault | 2 | 260 | / | 60 |
| Lumber Mill | 1 | 120 | / | 0 |
| Town Hall | 1 | 385 | / | 205 |
| Arcane Sanctum | 2 | 300 | / | 280 |
| Keep | 1 | 320 | / | 210 |
| total: | 27 | 2485g | / | 1075w |
| 0:05 | Peasant |
| 0:09 | Altar of Kings |
| 0:15 | Barracks |
| 0:17 | Peasant |
| 0:27 | Peasant |
| 0:33 | Farm |
| 0:38 | Peasant |
| 0:56 | Peasant |
| 1:16 | Peasant |
| 1:18 | Footman |
| 1:21 | Farm |
| 1:36 | Scout Tower |
| 1:57 | Footman |
| 2:00 | Blacksmith |
| 2:12 | Summon Water Elemental |
| 2:18 | Footman |
| 2:20 | Arcane Tower |
| 2:33 | Farm |
| 3:01 | Arcane Vault |
| 3:07 | Peasant |
| 3:15 | Peasant |
| 3:19 | Scout Tower |
| 3:22 | Rifleman |
| 3:44 | Arcane Vault |
| 3:51 | Rifleman |
| 3:53 | Arcane Tower |
| 4:00 | Farm |
| 4:13 | Lumber Mill |
| 4:40 | Rifleman |
| 5:08 | Peasant |
| 5:15 | Rifleman |
| 5:15 | Peasant |
| 5:24 | Brilliance Aura |
| 5:27 | Keep |
| 5:29 | Scout Tower |
| 5:33 | Farm |
| 5:39 | Scroll of Regeneration |
| 6:01 | Guard Tower |
| 6:10 | Rifleman |
| 6:13 | Farm |
| 6:42 | Farm |
| 6:45 | Scout Tower |
| 7:01 | Summon Water Elemental |
| 7:08 | Farm |
| 7:12 | Guard Tower |
| 7:16 | Rifleman |
| 7:27 | Scroll of Regeneration |
| 7:49 | Arcane Sanctum |
| 7:53 | Scout Tower |
| 8:13 | Improved Lumber Harvesting |
| 8:23 | Guard Tower |
| 8:39 | Arcane Sanctum |
| 9:16 | Sorceress |
| 9:46 | Scout Tower |
| 9:55 | Priest |
| 9:56 | Priest |
| 10:06 | Holy Light |
| 10:13 | Advanced Lumber Harvesting |
| 10:24 | Ivory Tower |
| 10:25 | Ivory Tower |
| 10:47 | Town Hall |
| 11:01 | Guard Tower |
| 11:21 | Sorceress Adept Training |
| 11:28 | Scout Tower |
| 11:38 | Scout Tower |
| 11:43 | Guard Tower |
| 11:44 | Guard Tower |
| 12:11 | Scout Tower |
| 12:11 | Guard Tower |
| 12:12 | Scout Tower |
| Right click | 923 |
| Select | 302 |
| Select group | 145 |
| Build/train/purchase | 63 |
| Misc. action | 49 |
| Assign group | 23 |
| Use ability | 4 |
| Chat | 4 |
| Remove unit | 2 |
| Esc | 1 |